 Dungeon Crawl Stone Soup version 0.30.0-16-gbe6223bb7e (webtiles) character file.

Game seed: 5121194640952042572

322 Lozmo the Chopper (level 6, -3/55 HPs)
             Began as a Hill Orc Cinder Acolyte on May 20, 2023.
             Was a High Priest of Ignis.
             Splashed by a jelly's acid (9 damage)
             ... on level 3 of the Dungeon.
             The game lasted 00:15:41 (2787 turns).

Lozmo the Chopper (Hill Orc Cinder Acolyte)         Turns: 2787, Time: 00:15:42

Health: -3/55      AC: -8    Str: 19    XL:     6   Next: 47%
Magic:  8/8        EV: 11    Int: 14    God:    Ignis [*****.]
Gold:   111        SH:  0    Dex:  6    Spells: 5/7 levels left

rFire   + . .        m - +0 war axe
rCold   . . .        (no shield)
rNeg    + . .        q - +2 robe {rN+}
rPois   .            (no helmet)
rElec   .            (no cloak)
rCorr   .            (no gloves)
SInv    .            (no boots)
Will    .....        k - amulet of magic regeneration
Stlth   +            (no ring)
HPRegen 0.29/turn    (no ring)
MPRegen 0.51/turn

%: no passive effects
@: corroded
A: no striking features
a: Renounce Religion, Fiery Armour, Foxfire Swarm, Rising Flame


You were on level 3 of the Dungeon.
You worshipped Ignis.
Ignis was extremely pleased with you.
You visited 1 branch of the dungeon, and saw 3 of its levels.

You collected 111 gold pieces.

Inventory:

Hand Weapons
 a - a -1 hand axe of flaming
 m - a +0 war axe (weapon)
 B - a +1 whip of electrocution
Missiles
 w - 2 boomerangs (quivered)
 x - 4 poisoned darts
Armour
 b - a +0 robe
 c - a +0 ring mail
 o - a +0 scale mail
 q - a +2 robe of positive energy (worn)
Jewellery
 k - an amulet of magic regeneration (around neck)
Wands
 p - a wand of roots (7)
 u - a wand of flame (18)
Scrolls
 e - a scroll of teleportation
 f - 2 scrolls of identify
 h - a scroll of butterflies {unknown}
 j - a scroll of blinking {unknown}
 l - 2 scrolls of fog {unknown}
 r - a scroll of fear {unknown}
 t - a scroll of brand weapon {unknown}
 v - a scroll of enchant armour {unknown}
 y - a scroll of immolation {unknown}
Potions
 d - 2 potions of cancellation {unknown}
 g - a potion of might
 i - a potion of resistance {unknown}
 n - a potion of mutation {unknown}
 s - a potion of curing {unknown}
 z - 2 potions of heal wounds {unknown}
 A - a potion of haste {unknown}


   Skills:
 + Level 4.9 Fighting
 + Level 7.0 Axes
 + Level 1.7 Dodging
 + Level 0.6 Stealth
 + Level 1.3 Spellcasting
 + Level 3.8 Fire Magic


You had 5 spell levels left.
You knew the following spells:

 Your Spells              Type           Power      Damage    Failure   Level
a - Scorch                Fire           22%        2d5       8%          2

Your spell library contained the following spells:

 Spells                   Type           Power      Damage    Failure   Level
 Apportation              Tloc           0%         N/A       26%         1
 Necrotise                Necr           0%         1d4       26%         1
 Sting                    Tmut/Pois      0%         1d3       26%         1
 Summon Small Mammal      Summ           0%         N/A       26%         1
 Poisonous Vapours        Pois/Air       0%         N/A       36%         2
 Olgreb's Toxic Radiance  Pois           0%         N/A       94%         4


Dungeon Overview and Level Annotations

Branches:
Dungeon (3/15)

Altars:
Ashenzari
Fedhas
Kikubaaqudgha
Okawaru
Ru


Message History

The endoplasm hits you but does no damage.
You slash the endoplasm!
You kill the endoplasm!
You barely miss the endoplasm. You hit the fungus.
The endoplasm hits the fungus.
The endoplasm freezes you.
You are frozen.
You barely miss the jelly. You hit the fungus. You hit the endoplasm.
You kill the endoplasm!
The endoplasm quivers.
A nearby fungus withers and dies.
The endoplasm jiggles.
The jelly barely misses you.
You hit the jelly. The acid corrodes you!
Your hands burn!
The jelly is moderately wounded.
The jelly misses you.
The endoplasm jiggles.
The endoplasm freezes you.
You are frozen.
The jelly closely misses you.
You hit the jelly but do no damage.
Your hands burn!
The jelly is moderately wounded.
You hit the endoplasm.
You kill the endoplasm!
You hit the jelly.
Your hands burn!
A nearby fungus withers and dies.
The jelly hits you. The acid corrodes you!
You are splashed with acid.
The jelly hits you.
You are splashed with acid!
You hit the jelly.
Your hands burn!
The jelly is moderately wounded.
The jelly barely misses you.
You hit the jelly.
Your hands burn!
The jelly is moderately wounded.
The jelly barely misses you.
You barely miss the jelly.
The jelly is moderately wounded.
The jelly hits you.
You are splashed with acid!
* * * LOW HITPOINT WARNING * * *
The jelly attacks as you move away! The jelly hits you.
* * * LOW HITPOINT WARNING * * *
The acid corrodes you!
You are splashed with acid!
You die...

#.# ##.###.....##
#.# ##..##.......#
#†####..###.......#
#...##.## #.......#
#.#....# #.......#
#.##..## ####....#
#.##..# ##..'....#
#.##..# #.########
#.#.... ##...)@J##
#....>.# #######J#
###....# ÷....PJJ.#
#....# ..÷.JJ.J.#
#....# ...P...÷.#
.........#
.........#
).....÷.÷#
##########


You could see a jelly and an endoplasm.

Vanquished Creatures
  Sigmund (D:2)
  A jelly (D:3)
  Ijyb (D:3)
  2 adders
  2 worms (D:3)
  3 dart slugs
  6 orcs (D:3)
  4 ball pythons
  9 endoplasms
  A giant cockroach (D:1)
  4 goblins
  5 hobgoblins
  11 jackals
  8 kobolds
  7 bats
  5 frilled lizards
  4 rats
74 creatures vanquished.

Notes
Turn   | Place    | Note
-------+----------+-------------------------------------------
     0 | D:1      | Lozmo the Hill Orc Cinder Acolyte began the quest for the
                  | Orb.
     0 | D:1      | Reached XP level 1. HP: 19/19 MP: 2/2
    48 | D:1      | Found a faded altar of an unknown god.
   194 | D:1      | Reached XP level 2. HP: 27/27 MP: 3/3
   602 | D:1      | Reached XP level 3. HP: 26/33 MP: 4/4
  1117 | D:2      | Reached skill level 5 in Axes
  1259 | D:2      | Learned a level 2 spell: Scorch
  1468 | D:2      | Noticed Sigmund
  1479 | D:2      | Killed Sigmund
  1480 | D:2      | Reached skill level 6 in Axes
  1480 | D:2      | Reached skill level 1 in Dodging
  1480 | D:2      | Reached XP level 4. HP: 15/41 MP: 5/5
  1480 | D:2      | Reached XP level 5. HP: 18/47 MP: 6/6
  2026 | D:3      | Noticed Ijyb
  2040 | D:3      | Killed Ijyb
  2041 | D:3      | Reached XP level 6. HP: 19/53 MP: 7/7
  2234 | D:3      | Found a blossoming altar of Fedhas.
  2272 | D:3      | Found a broken altar of Ashenzari.
  2272 | D:3      | Found an ancient bone altar of Kikubaaqudgha.
  2273 | D:3      | Found a sacrificial altar of Ru.
  2298 | D:3      | Found an iron altar of Okawaru.
  2777 | D:3      | Reached skill level 7 in Axes
  2787 | D:3      | Splashed by a jelly's acid

Illustrated notes

Levels and vault maps discovered:
D:1:      amcnicky_arrival_blooded_trapdoor, layout_loops_corners,
          serial_forest, infiniplex_forest_clump_small,
          infiniplex_forest_straight_3, infiniplex_forest_lined_4_way,
          infiniplex_forest_clump_C, dreamdust_ecumenical_altar_grove,
          minivault_24, chequers_avenue
D:2:      layout_loops_ring, serial_bayou, serial_bayou_pond_d,
          serial_bayou_shore_b, serial_bayou_pond_d, serial_bayou_crossing,
          st_stairs_7, uniq_sigmund
D:3:      cheibrodos_fertilizer, layout_basic, mainiacjoe_overflow_24_doors,
          nicolae_overflow_quartered_altars, uniq_ijyb

Skill      XL: |  1  2  3  4  5  6 |
---------------+-------------------+-----
Axes           | 6 7 |  7.0
Fighting       | 4 |  4.9
Dodging        | 1 |  1.7
Stealth        | |  0.6
Spellcasting   | |  1.3
Fire Magic     | |  3.8

Action                     |  1- 3 |  4- 6 || total
---------------------------+-------+-------++-------
  Melee: Hand axe          |    96 |       ||    96
         War axe           |     8 |    95 ||   103
         Punch             |     1 |     1 ||     2
  Throw: Boomerang         |       |     5 ||     5
   Cast: Scorch            |     4 |       ||     4
    Use: Scroll            |       |     2 ||     2
         Potion            |       |     2 ||     2
 Armour: Robe              |    21 |    26 ||    47
         Scale mail        |     1 |       ||     1
  Dodge: Dodged            |    54 |    69 ||   123
